| TOP OF THE 1ST |
|
Bluff City Beasties batting - Pitching for Danville Dairy Daddies : RHP Scott Scudder
|
|
Pitching: RHP Scott Scudder
|
|
|
Batting: SHB Felix Jose
|
0-0: Ball 1-0: Ball 2-0: Swinging Strike 2-1: Foul Ball, location: 2F 2-2: Foul Ball, location: 2F 2-2: Fly out, F9 (Line Drive, 9, EV 91.9 MPH)
|
|
Batting: LHB Jeff Treadway
|
0-0: Foul Ball, location: 2F 0-1: Ball 1-1: Ball 2-1: Ground out U3 (Groundball, 3, EV 97.5 MPH)
|
|
Batting: LHB Phil Plantier
|
0-0: Called Strike 0-1: Ball 1-1: Ball 2-1: Foul Ball, location: 2F 2-2: Fly out, F8 (Flyball, 89D, EV 106.3 MPH)
|
| Top of the 1st over - 0 runs, 0 hits, 0 errors, 0 left on base; Bluff City 0 - Danville 0 |
| BOTTOM OF THE 1ST |
|
Danville Dairy Daddies batting - Pitching for Bluff City Beasties : RHP Mike J Grace
|
|
Pitching: RHP Mike J Grace
|
|
|
Batting: RHB Shawn Gilbert
|
0-0: Called Strike 0-1: Ball 1-1: Foul Ball, location: 2F 1-2: Fly out, F7 (Flyball, 78S, EV 83.1 MPH)
|
|
Batting: RHB Takahiro Ikeyama
|
0-0: DOUBLE (Line Drive, 8LXD, EV 100.6 MPH)
|
|
Batting: LHB Rusty Greer
|
0-0: Swinging Strike 0-1: Ball 1-1: Foul Ball, location: 2F 1-2: Foul Ball, location: 2F 1-2: Ground out U3 (Groundball, 34S, EV 86.3 MPH) Takahiro Ikeyama to third
|
|
Batting: LHB Brant Brown
|
0-0: Fly out, F8 (Line Drive, 8RD, EV 86.3 MPH)
|
| Bottom of the 1st over - 0 runs, 1 hit, 0 errors, 1 left on base; Bluff City 0 - Danville 0 |
| TOP OF THE 2ND |
|
Bluff City Beasties batting - Pitching for Danville Dairy Daddies : RHP Scott Scudder
|
|
Batting: LHB Paul Sorrento
|
0-0: Fly out, F9 (Line Drive, 9, EV 89.4 MPH)
|
|
Batting: RHB Jeff Manto
|
0-0: Ball 1-0: Called Strike 1-1: Ball 2-1: Ball 3-1: Base on Balls
|
|
Batting: RHB Walt McKeel
|
0-0: Ball 1-0: Swinging Strike 1-1: Ball 2-1: Grounds into double play, 4-6-3 (Groundball, 4, EV 101.3 MPH)
|
| Top of the 2nd over - 0 runs, 0 hits, 0 errors, 0 left on base; Bluff City 0 - Danville 0 |
| BOTTOM OF THE 2ND |
|
Danville Dairy Daddies batting - Pitching for Bluff City Beasties : RHP Mike J Grace
|
|
Batting: RHB Mike Blowers
|
0-0: Called Strike 0-1: Ball 1-1: DOUBLE (Line Drive, 7LM, EV 107.5 MPH)
|
|
Batting: LHB Lee Stevens
|
0-0: Swinging Strike 0-1: SINGLE (Line Drive, 8RS, EV 95.6 MPH) Mike Blowers to third
|
|
Batting: LHB Midre Cummings
|
0-0: Ball 1-0: SINGLE (Groundball, 34D, EV 98.1 MPH) Mike Blowers scores Lee Stevens to second Runner from 2nd tries for 3rd, SAFE, no throw by RF
|
|
Batting: RHB Mike Stanley
|
0-0: Called Strike 0-1: Ball 1-1: Called Strike 1-2: Strikes out swinging
|
|
Batting: RHB Kevin Polcovich
|
0-0: Ball 1-0: Called Strike 1-1: Foul Ball, location: 2F 1-2: Foul Ball, location: 2F 1-2: Ball 2-2: Foul Ball, location: 2F 2-2: Strikes out swinging
|
|
Batting: RHB Shawn Gilbert
|
0-0: Fielders Choice at 2nd, 6-4 (Groundball, 6, EV 97.5 MPH)
|
| Bottom of the 2nd over - 1 run, 3 hits, 0 errors, 2 left on base; Bluff City 0 - Danville 1 |
| TOP OF THE 3RD |
|
Bluff City Beasties batting - Pitching for Danville Dairy Daddies : RHP Scott Scudder
|
|
Batting: RHB Tom Evans
|
0-0: Fly out, F8 (Line Drive, 8LM, EV 103.1 MPH)
|
|
Batting: RHB Pat Watkins
|
0-0: Ball 1-0: Foul Ball, location: 2F 1-1: Fly out, F9 (Flyball, 9S, EV 77.5 MPH)
|
|
Batting: SHB Jesus Tavarez
|
0-0: SOLO HOME RUN (Line Drive, 9D, EV 101.9 MPH), Distance : 355 ft
|
|
Batting: SHB Felix Jose
|
0-0: Foul Ball, location: 2F 0-1: SINGLE (Groundball, 2L, EV 73.1 MPH) (infield hit)
|
|
Batting: LHB Jeff Treadway
|
0-0: Ball 1-0: Ball 2-0: Ground out U3 (Groundball, 34, EV 90.0 MPH)
|
| Top of the 3rd over - 1 run, 2 hits, 0 errors, 1 left on base; Bluff City 1 - Danville 1 |
| BOTTOM OF THE 3RD |
|
Danville Dairy Daddies batting - Pitching for Bluff City Beasties : RHP Mike J Grace
|
|
Batting: RHB Takahiro Ikeyama
|
0-0: Fly out, F8 (Flyball, 8RS, EV 84.4 MPH)
|
|
Batting: LHB Rusty Greer
|
0-0: SINGLE (Line Drive, 78M, EV 93.8 MPH)
|
|
Batting: LHB Brant Brown
|
0-0: Ball 1-0: Ball 2-0: Ball 3-0: Called Strike 3-1: SINGLE (Groundball, 6, EV 92.5 MPH) (infield hit) Rusty Greer to second
|
|
Batting: RHB Mike Blowers
|
0-0: Called Strike 0-1: Called Strike 0-2: Ball 1-2: Foul Ball, location: 2F 1-2: Foul Ball, location: 2F 1-2: Ball 2-2: Ball 3-2: Strikes out swinging
|
|
Batting: LHB Lee Stevens
|
0-0: Ball 1-0: 3-RUN HOME RUN (Flyball, 7LD, EV 100.0 MPH), Distance : 359 ft
|
|
Batting: LHB Midre Cummings
|
0-0: Foul Ball, location: 2F 0-1: Swinging Strike 0-2: Foul Ball, location: 2F 0-2: Fly out, F4 (Popup, 34, EV 72.5 MPH)
|
| Bottom of the 3rd over - 3 runs, 3 hits, 0 errors, 0 left on base; Bluff City 1 - Danville 4 |
| TOP OF THE 4TH |
|
Bluff City Beasties batting - Pitching for Danville Dairy Daddies : RHP Scott Scudder
|
|
Batting: LHB Phil Plantier
|
0-0: Foul Ball, location: 2F 0-1: Ball 1-1: Ball 2-1: Foul Ball, location: 2F 2-2: Foul Ball, location: 2F 2-2: Foul Ball, location: 2F 2-2: Ball 3-2: SOLO HOME RUN (Flyball, 7LD, EV 97.5 MPH), Distance : 344 ft
|
|
Batting: LHB Paul Sorrento
|
0-0: Ground out U3 (Groundball, 3, EV 91.3 MPH)
|
|
Batting: RHB Jeff Manto
|
0-0: Foul Ball, location: 2F 0-1: Fly out, F8 (Flyball, 8RD, EV 103.8 MPH)
|
|
Batting: RHB Walt McKeel
|
0-0: Ball 1-0: Swinging Strike 1-1: Ball 2-1: Foul Ball, location: 2F 2-2: Foul Ball, location: 2F 2-2: Ball 3-2: Foul Ball, location: 2F 3-2: Foul Ball, location: 2F 3-2: Fly out, F7 (Flyball, 7D, EV 106.9 MPH)
|
| Top of the 4th over - 1 run, 1 hit, 0 errors, 0 left on base; Bluff City 2 - Danville 4 |
| BOTTOM OF THE 4TH |
|
Danville Dairy Daddies batting - Pitching for Bluff City Beasties : RHP Mike J Grace
|
|
Batting: RHB Mike Stanley
|
0-0: Ball 1-0: Ball 2-0: Ball 3-0: Base on Balls
|
|
Batting: RHB Kevin Polcovich
|
0-0: SINGLE (Groundball, 6MD, EV 93.8 MPH) Mike Stanley to second
|
|
Batting: RHB Shawn Gilbert
|
0-0: Called Strike 0-1: Grounds out, U3 (Groundball, 3L, EV 83.8 MPH) Mike Stanley to third
|
|
Batting: RHB Takahiro Ikeyama
|
0-0: Swinging Strike 0-1: Ground out 5-3 (Groundball, 56, EV 83.8 MPH) Mike Stanley scores
|
|
Batting: LHB Rusty Greer
|
0-0: Foul Ball, location: 2F 0-1: Ball 1-1: Foul Ball, location: 2F 1-2: SINGLE (Groundball, 4MD, EV 97.5 MPH) Kevin Polcovich to third Runner from 3rd tries for Home, SAFE, throw by CF to home
|
|
Pitching: RHP Marty Janzen
|
|
|
Batting: LHB Brant Brown
|
0-0: Ball 1-0: Fly out, F9 (Line Drive, 8RM, EV 95.0 MPH)
|
| Bottom of the 4th over - 2 runs, 2 hits, 0 errors, 1 left on base; Bluff City 2 - Danville 6 |
| TOP OF THE 5TH |
|
Bluff City Beasties batting - Pitching for Danville Dairy Daddies : RHP Scott Scudder
|
|
Batting: RHB Tom Evans
|
0-0: Called Strike 0-1: Foul Ball, location: 2F 0-2: Ball 1-2: Ball 2-2: Ball 3-2: Fly out, F6 (Popup, 15S, EV 85.6 MPH)
|
|
Batting: RHB Pat Watkins
|
0-0: Swinging Strike 0-1: Ball 1-1: Swinging Strike 1-2: Foul Ball, location: 2F 1-2: Foul Ball, location: 2F 1-2: Ball 2-2: Strikes out looking
|
|
Batting: SHB Jesus Tavarez
|
0-0: Ball 1-0: Ball 2-0: Ball 3-0: Called Strike 3-1: Ground out 4-3 (Groundball, 4M, EV 100.6 MPH)
|
| Top of the 5th over - 0 runs, 0 hits, 0 errors, 0 left on base; Bluff City 2 - Danville 6 |
| BOTTOM OF THE 5TH |
|
Danville Dairy Daddies batting - Pitching for Bluff City Beasties : RHP Marty Janzen
|
|
Batting: RHB Mike Blowers
|
0-0: Foul Ball, location: 2F 0-1: Ball 1-1: Ball 2-1: Foul Ball, location: 2F 2-2: SOLO HOME RUN (Flyball, 7D, EV 96.9 MPH), Distance : 387 ft
|
|
Batting: LHB Lee Stevens
|
0-0: Ball 1-0: Ground out 4-3 (Groundball, 4, EV 83.8 MPH)
|
|
Batting: LHB Midre Cummings
|
0-0: Ball 1-0: Ground out U3 (Groundball, 3, EV 93.1 MPH)
|
|
Batting: RHB Mike Stanley
|
0-0: Foul Ball, location: 2F 0-1: Ball 1-1: SINGLE (Groundball, 6, EV 93.1 MPH) (infield hit)
|
|
Batting: RHB Kevin Polcovich
|
0-0: Ball 1-0: Ball 2-0: SINGLE (Groundball, 56D, EV 100.6 MPH) Mike Stanley to second
|
|
Batting: RHB Shawn Gilbert
|
0-0: Ball 1-0: Ball 2-0: Called Strike 2-1: Foul Ball, location: 2F 2-2: Fly out, F7 (Flyball, 7LS, EV 95.0 MPH)
|
| Bottom of the 5th over - 1 run, 3 hits, 0 errors, 2 left on base; Bluff City 2 - Danville 7 |
| TOP OF THE 6TH |
|
Bluff City Beasties batting - Pitching for Danville Dairy Daddies : RHP Scott Scudder
|
|
Batting: SHB Felix Jose
|
0-0: Ball 1-0: Called Strike 1-1: Called Strike 1-2: Fly out, F7 (Flyball, 7LMF, EV 95.6 MPH)
|
|
Batting: LHB Jeff Treadway
|
0-0: Swinging Strike 0-1: Ball 1-1: Ball 2-1: Foul Ball, location: 2F 2-2: Strikes out swinging
|
|
Batting: LHB Phil Plantier
|
0-0: Foul Ball, location: 2F 0-1: SINGLE (Groundball, 34D, EV 96.3 MPH)
|
|
Batting: LHB Paul Sorrento
|
0-0: Called Strike 0-1: Ball 1-1: Swinging Strike 1-2: Ball 2-2: SINGLE (Groundball, 34D, EV 106.3 MPH) Phil Plantier to second Runner from 2nd tries for 3rd, SAFE, throw by RF made to third
|
|
Batting: RHB Jeff Manto
|
0-0: Called Strike 0-1: Swinging Strike 0-2: Ball 1-2: Strikes out looking
|
| Top of the 6th over - 0 runs, 2 hits, 0 errors, 2 left on base; Bluff City 2 - Danville 7 |
| BOTTOM OF THE 6TH |
|
Danville Dairy Daddies batting - Pitching for Bluff City Beasties : RHP Marty Janzen
|
|
Batting: RHB Takahiro Ikeyama
|
0-0: Called Strike 0-1: Swinging Strike 0-2: Strikes out looking
|
|
Batting: LHB Rusty Greer
|
0-0: Called Strike 0-1: Ball 1-1: Foul Ball, location: 2F 1-2: Ball 2-2: Ball 3-2: Fly out, F9 (Flyball, 9, EV 91.3 MPH)
|
|
Batting: LHB Brant Brown
|
0-0: Foul Ball, location: 2F 0-1: Foul Ball, location: 2F 0-2: Ball 1-2: SINGLE (Groundball, 56D, EV 96.9 MPH)
|
|
Batting: RHB Mike Blowers
|
0-0: Foul Ball, location: 2F 0-1: Ball 1-1: Swinging Strike 1-2: Foul Ball, location: 2F 1-2: Foul Ball, location: 2F 1-2: Ball 2-2: Fly out, F1 (Line Drive, P, EV 61.3 MPH)
|
| Bottom of the 6th over - 0 runs, 1 hit, 0 errors, 1 left on base; Bluff City 2 - Danville 7 |
| TOP OF THE 7TH |
|
Bluff City Beasties batting - Pitching for Danville Dairy Daddies : RHP Scott Scudder
|
|
Batting: RHB Walt McKeel
|
0-0: Called Strike 0-1: Ground out 5-3 (Groundball, 56, EV 90.6 MPH)
|
|
Batting: RHB Tom Evans
|
0-0: SINGLE (Groundball, 56D, EV 103.8 MPH)
|
|
Batting: RHB Pat Watkins
|
0-0: Foul Ball, location: 2F 0-1: Ball 1-1: Ball 2-1: Fielders Choice at 2nd, 5-4 (Groundball, 56S, EV 81.3 MPH)
|
|
Batting: SHB Jesus Tavarez
|
0-0: Foul Ball, location: 2F 0-1: Ball 1-1: Ball 2-1: Foul Ball, location: 2F 2-2: Ground out 3-1 (Groundball, 3L, EV 96.9 MPH)
|
| Top of the 7th over - 0 runs, 1 hit, 0 errors, 1 left on base; Bluff City 2 - Danville 7 |
| BOTTOM OF THE 7TH |
|
Danville Dairy Daddies batting - Pitching for Bluff City Beasties : RHP Marty Janzen
|
|
Batting: LHB Lee Stevens
|
0-0: Called Strike 0-1: Called Strike 0-2: Strikes out swinging
|
|
Batting: LHB Midre Cummings
|
0-0: Ball 1-0: Swinging Strike 1-1: Foul Ball, location: 2F 1-2: Foul Ball, location: 2F 1-2: Foul Ball, location: 2F 1-2: SINGLE (Groundball, 4M, EV 101.9 MPH) (infield hit)
|
|
Pitching: RHP John LeRoy
|
|
|
Batting: RHB Mike Stanley
|
0-0: Ball 1-0: Swinging Strike 1-1: Swinging Strike 1-2: Ball 2-2: Strikes out swinging
|
|
Batting: RHB Kevin Polcovich
|
0-0: Ball 1-0: Fly out, F9 (Flyball, 89D, EV 84.4 MPH)
|
| Bottom of the 7th over - 0 runs, 1 hit, 0 errors, 1 left on base; Bluff City 2 - Danville 7 |
| TOP OF THE 8TH |
|
Bluff City Beasties batting - Pitching for Danville Dairy Daddies : RHP Scott Scudder
|
|
Pitching: LHP Andrew Lorraine
|
|
|
Batting: SHB Felix Jose
|
0-0: Called Strike 0-1: Ball 1-1: Foul Ball, location: 2F 1-2: Foul Ball, location: 2F 1-2: Ball 2-2: Reached on error, E6 (Groundball, 6, EV 87.5 MPH)
|
|
Batting: LHB Jeff Treadway
|
0-0: Called Strike 0-1: Swinging Strike 0-2: Strikes out looking
|
|
Batting: LHB Phil Plantier
|
0-0: Ball 1-0: Called Strike 1-1: Ball 2-1: Foul Ball, location: 2F 2-2: Fly out, F8 (Flyball, 89M, EV 90.0 MPH)
|
|
Batting: LHB Paul Sorrento
|
0-0: Ball 1-0: Called Strike 1-1: Called Strike 1-2: Strikes out swinging
|
| Top of the 8th over - 0 runs, 0 hits, 1 error, 1 left on base; Bluff City 2 - Danville 7 |
| BOTTOM OF THE 8TH |
|
Danville Dairy Daddies batting - Pitching for Bluff City Beasties : RHP John LeRoy
|
|
Batting: RHB Shawn Gilbert
|
0-0: Ball 1-0: Ball 2-0: Ball 3-0: Called Strike 3-1: Base on Balls
|
|
Batting: RHB Takahiro Ikeyama
|
0-0: Fly out, F8 (Flyball, 89D, EV 106.9 MPH)
|
|
Batting: LHB Rusty Greer
|
0-0: Called Strike 0-1: Ball 1-1: Foul Ball, location: 2F 1-2: Foul Ball, location: 2F 1-2: Ball 2-2: Foul Ball, location: 2F 2-2: Fly out, F8 (Line Drive, 8LM, EV 93.8 MPH)
|
|
Batting: LHB Brant Brown
|
0-0: Foul Ball, location: 2F 0-1: Foul Ball, location: 2F 0-2: Foul Ball, location: 2F 0-2: Strikes out looking
|
| Bottom of the 8th over - 0 runs, 0 hits, 0 errors, 1 left on base; Bluff City 2 - Danville 7 |
| TOP OF THE 9TH |
|
Bluff City Beasties batting - Pitching for Danville Dairy Daddies : LHP Andrew Lorraine
|
|
Batting: RHB Jeff Manto
|
0-0: Fly out, F4 (Popup, 34, EV 70.0 MPH)
|
|
Batting: RHB Walt McKeel
|
0-0: Ball 1-0: Ball 2-0: Ball 3-0: Base on Balls
|
|
Batting: RHB Tom Evans
|
0-0: Ball 1-0: Ball 2-0: Foul Ball, location: 2F 2-1: Foul Ball, location: 2F 2-2: Fly out, F6 (Line Drive, 6, EV 73.1 MPH)
|
|
Batting: RHB Pat Watkins
|
0-0: Ball 1-0: Called Strike 1-1: Ground out 3-1 (Groundball, 34, EV 83.1 MPH)
|
| Top of the 9th over - 0 runs, 0 hits, 0 errors, 1 left on base; Bluff City 2 - Danville 7 |
|